 Dungeon Crawl Stone Soup version 0.28.0-45-g0d030f2227 (webtiles) character file.

Game seed: 8805313743977011357

23 psko the Sneak (level 2, -3/13 HPs)
             Began as a Spriggan Conjurer on Apr 24, 2022.
             Slain by a quokka (5 damage)
             ... on level 2 of the Dungeon.
             The game lasted 00:04:16 (1190 turns).

psko the Sneak (Spriggan Conjurer)                  Turns: 1190, Time: 00:04:16

Health: -3/13      AC:  2    Str:  3    XL:     2   Next: 72%
Magic:  7/7        EV: 16    Int: 19    God:
Gold:   32         SH:  4    Dex: 13    Spells: 3/7 levels left

rFire   . . .      SeeInvis +   h - +0 short sword
rCold   . . .      Faith    .   f - +0 buckler
rNeg    . . .      Spirit   .   a - +0 robe
rPois   .          Reflect  .   (helmet restricted)
rElec   .          Harm     .   (no cloak)
rCorr   .          Rampage  .   (gloves unavailable)
Will    .....                   (boots unavailable)
Stlth   ++........              (no amulet)
HPRegen 0.04/turn               (no ring)
MPRegen 0.10/turn               (no ring)

@: very quick
A: very small, no large weapons, unfitting armour, see invisible, speed 3
a: no special abilities


You were on level 2 of the Dungeon.
You visited 1 branch of the dungeon, and saw 2 of its levels.

You collected 32 gold pieces.

Inventory:

Hand Weapons
 d - a +0 hand axe
 h - a +0 short sword (weapon)
Armour
 a - a +0 robe (worn)
 f - a +0 buckler (worn)
Scrolls
 b - 2 scrolls of identify {unknown}
 e - a scroll of noise {unknown}
 i - a scroll of vulnerability {unknown}
Potions
 c - a potion of curing {unknown}
 g - 2 potions of might {unknown}


   Skills:
 + Level 0.1 Axes
 + Level 2.8 Dodging
 + Level 3.4 Stealth
 + Level 3.0 Spellcasting
 + Level 3.3 Conjurations


You had 3 spell levels left.
You knew the following spells:

 Your Spells              Type           Power      Damage    Failure   Level
a - Magic Dart            Conj           60%        1d6       9%          1
b - Sting                 Tmut/Pois      8%         1d3       32%         1
c - Searing Ray           Conj           30%        2d5       13%         2

Your spell library contained the following spells:

 Spells                   Type           Power      Damage    Failure   Level
 Poisonous Vapours        Pois/Air       4%         N/A       45%         2
 Dazzling Flash           Conj/Hex       18%        N/A       45%         3
 Fulminant Prism          Conj/Hex       4%         3d6       86%         4
 Iskenderun's Mystic Bla  Conj/Tloc      9%         2d4       86%         4
 Olgreb's Toxic Radiance  Pois           2%         N/A       97%         4


Dungeon Overview and Level Annotations

Branches:
Dungeon (2/15)

Altars:


Innate Abilities, Weirdness & Mutations

You are very small and have problems with some larger weapons.
You are too small for most types of armour.
You have supernaturally acute eyesight. (SInv)
You cover ground extremely quickly. (Speed+++)


Message History

You hit the plant.
The plant is lightly damaged.
You hit the plant but do no damage.
The plant is lightly damaged.
The quokka bites the plant.
The plant begins to die.
The quokka bites the plant.
You hit the plant.
The plant is lightly damaged.
A nearby plant withers and dies.
The quokka bites the plant.
You hit the plant but do no damage.
The quokka bites the plant.
The plant begins to die.
You hit the plant.
The plant begins to die.
The plant is lightly damaged.
The quokka bites the plant.
You hit the plant.
The plant is lightly damaged.
The quokka completely misses the plant.
The quokka bites the plant.
You hit the plant but do no damage.
The plant is lightly damaged.
The quokka bites the plant.
You hit the plant.
The plant is lightly damaged.
A nearby plant withers and dies. x2; The quokka closely misses you.
You hit the quokka but do no damage. The quokka misses you.
The quokka bites you.
You hit the quokka but do no damage. The quokka barely misses you.
You closely miss the quokka. The quokka bites you.
The quokka closely misses you.
You hit the quokka but do no damage.
The quokka bites you but does no damage.
You closely miss the quokka. The quokka barely misses you.
The quokka bites you.
You barely miss the quokka. The quokka closely misses you.
You hit the quokka but do no damage. You block the quokka's attack.
You hit the quokka.
The quokka is lightly wounded.
The quokka bites you.
* * * LOW HITPOINT WARNING * * *
The quokka bites you.
You die...

## #+# #♣♣ .
#.##.r♣♣♣♣ ##
#.#>♣.♣♣.♣. .
....#.#..♣r@♣.♣P
........♣...♣P.
......#...P♣.♣
......##..♣§♣♣
...[. ##.P≈.♣
..... #..♣P♣ ♣♣
..>J ##§.♣♣..♣
.... #§....♣
#..#.....#


You could see a quokka.

Vanquished Creatures
  A dart slug (D:1)
  4 endoplasms
  A giant cockroach (D:1)
  2 goblins (D:1)
  A hobgoblin (D:1)
  3 jackals (D:2)
  A quokka (D:1)
  2 kobolds (D:1)
  2 rats (D:1)
17 creatures vanquished.

Vanquished Creatures (others)
  24 plants (D:2)
24 creatures vanquished.

Grand Total: 41 creatures vanquished

Notes
Turn   | Place    | Note
-------+----------+-------------------------------------------
     0 | D:1      | psko the Spriggan Conjurer began the quest for the Orb.
     0 | D:1      | Reached XP level 1. HP: 9/9 MP: 5/5
    86 | D:1      | Learned a level 1 spell: Sting
   378 | D:1      | Reached XP level 2. HP: 13/13 MP: 2/6
   381 | D:1      | Learned a level 2 spell: Searing Ray
  1190 | D:2      | Slain by a quokka

Illustrated notes

Levels and vault maps discovered:
D:1:      dpeg_arrival_pond, layout_loops_cross
D:2:      wad_woods_stonehenge, layout_basic, chequers_garden

Skill      XL: |  1  2 |
---------------+-------+-----
Conjurations   | 3 |  3.3
Spellcasting   | 3 |  3.0
Axes           | |  0.1
Dodging        | |  2.8
Stealth        | |  3.4

Action                   || total
-------------------------++-------
Melee: Hand axe          ||    11
       Punch             ||     2
       Short sword       ||    23
 Cast: Magic Dart        ||    37
Armor: Robe              ||     1
Dodge: Dodged            ||    29
Block: Buckler           ||     4
